 Dungeon Crawl Stone Soup version 0.17.1-2-g5865329 (webtiles) character file.

14 Jerry the Grasshopper (level 2, -1/19 HPs)
             Began as an Octopode Warper on Jan 29, 2016.
             Slain by a kobold (4 damage)
             ... on level 2 of the Dungeon.
             The game lasted 00:03:22 (879 turns).

Jerry the Grasshopper (Octopode Warper)              Turns: 879, Time: 00:03:22

Health: -1/19      AC:  1    Str: 10    XL:     2   Next: 45%
Magic:  5/5        EV:  7    Int: 15    God:
Gold:   28         SH:  0    Dex: 11    Spells: 2 memorised, 2 levels left

rFire  + . .     SeeInvis .     a - +0 mace
rCold  x . .     Clarity  .     (no shield)
rNeg   . . .     SustAt   .     (helmet restricted)
rPois  .         Gourm    .     (no amulet)
rElec  .         Spirit   .     i - ring of fire
rCorr  .         Warding  .     (no ring)
rMut   .         Stasis   .     (no ring)
MR     .....                    (no ring)
Stlth  +++.......               (no ring)
                                (no ring)
                                (no ring)
                                (no ring)

@: not resistant to hostile enchantments, fairly stealthy
A: almost no armour, amphibious, 8 rings, constrict 8, camouflage 1, gelatinous
body 1
a: no special abilities


You were on level 2 of the Dungeon.
You were not hungry.

You visited 1 branch of the dungeon, and saw 2 of its levels.

You collected 28 gold pieces.

Inventory:

Hand Weapons
 a - a +0 mace (weapon)
 n - a +2 short sword of electrocution
Missiles
 d - 5 tomahawks of dispersal (quivered)
Jewellery
 i - a ring of fire (left tentacle)
Scrolls
 c - a scroll of blinking
 f - a scroll of remove curse {unknown}
 h - 4 scrolls of fog {unknown}
 k - a scroll of fear {unknown}
 l - a scroll of magic mapping {unknown}
 m - a scroll of identify {unknown}
Potions
 g - a potion of cure mutation {unknown}
Books
 b - a book of Spatial Translocations

   Spells                             Type                      Level
   a - Apportation                    Translocation                1
   b - Blink                          Translocation                2
   c - Shroud of Golubria             Charms/Translocation         2
   d - Portal Projectile              Translocation                3
   e - Teleport Other                 Translocation                3
   f - Passage of Golubria            Translocation                4
Comestibles
 e - a bread ration
 j - a royal jelly


   Skills:
 + Level 2.2 Fighting
 + Level 2.0 Maces & Flails
 - Level 1.0 Throwing
 + Level 2.5 Dodging
 + Level 1.3 Stealth
 + Level 2.2 Spellcasting
 + Level 0.0 Charms
 + Level 3.0 Translocations


You had 2 spell levels left.
You knew the following spells:

 Your Spells              Type           Power        Failure   Level  Hunger
a - Apportation           Tloc           ##........   8%          1    #......
b - Shroud of Golubria    Chrm/Tloc      #.........   17%         2    ###....


Dungeon Overview and Level Annotations

Branches:
Dungeon (2/15)

Altars:


Innate Abilities, Weirdness & Mutations

You cannot wear most types of armour.
You are amphibious.
You can wear up to eight rings at the same time.
You can use your tentacles to constrict eight enemies at once.
Your skin changes colour to match your surroundings (Stealth).
Your rubbery body absorbs attacks (AC +1).


Message History

The helpless worm fails to defend itself.
You hit the worm. You grab the worm.
The worm is lightly wounded.
You constrict the worm, but do no damage.
The kobold throws a stone.
The stone hits you. The worm bites you.
You hit the worm. You squeeze the worm.
The worm is heavily wounded.
You constrict the worm.
The kobold throws a stone.
The stone misses you.
The stone hits the worm.
The worm bites you!
Ouch! That really hurt!
* * * LOW HITPOINT WARNING * * *
You are too injured to fight recklessly!
You are too injured to fight recklessly!
You are too injured to fight recklessly!
You are too injured to fight recklessly!
You release your grip on the worm.
You see here a stone.
There is a stone staircase leading up here.
The kobold hits you.
You die...

##########
##........##
#.(w(@.....#
#....K.....#
#..........#
#............
##...........
############


You could see a worm and a kobold.

Vanquished Creatures
  A giant cockroach (D:1)
  A goblin (D:1)
  2 hobgoblins (D:1)
  4 jackals (D:1)
  2 bats (D:1)
  A giant newt (D:1)
  A kobold (D:1)
  3 rats (D:1)
15 creatures vanquished.

Notes
Turn   | Place    | Note
--------------------------------------------------------------
     0 | D:1      | Jerry the Octopode Warper began the quest for the Orb.
     0 | D:1      | Reached XP level 1. HP: 14/14 MP: 3/3
   420 | D:1      | Reached skill level 1 in Stealth
   420 | D:1      | Reached XP level 2. HP: 14/19 MP: 5/5
   858 | D:1      | Learned a level 2 spell: Shroud of Golubria
   879 | D:2      | Slain by a kobold

Action                   || total
-------------------------++-------
Melee: Mace              ||    34
 Stab: Sleeping          ||     3
